12 | 0:07 | SCV x6 | |
18 | 0:12 | SCV, Supply Bunker, Dominion Trooper x6 | |
19 | 0:20 | SCV | |
19 | 0:28 | SCV | |
21 | 0:36 | SCV, Supply Bunker | |
22 | 0:56 | Refinery | |
22 | 1:04 | Refinery | |
22 | 1:07 | SCV | |
23 | 1:15 | SCV | |
24 | 1:23 | SCV | |
25 | 1:31 | SCV | |
25 | 1:38 | Barracks | |
25 | 1:39 | SCV | |
27 | 1:47 | SCV | |
28 | 1:55 | SCV | |
29 | 2:03 | SCV | |
36 | 2:12 | Supply Bunker, Dominion Trooper x6 | |
36 | 2:19 | Factory | |
36 | 2:29 | Dominion Trooper | |
38 | 2:37 | Dominion Trooper | |
39 | 2:45 | Dominion Trooper | |
40 | 2:51 | Starport | |
40 | 2:53 | Dominion Trooper | |
41 | 3:01 | Dominion Trooper | |
41 | 3:09 | Dominion Trooper | |
43 | 3:17 | Dominion Trooper | |
44 | 3:25 | Fusion Core, Dominion Trooper | |
45 | 3:31 | Imperial Witness | |
45 | 3:33 | Dominion Trooper | |
48 | 3:41 | Dominion Trooper | |
48 | 3:48 | Dominion Trooper | |
50 | 3:56 | Dominion Trooper | |
51 | 4:02 | Armory | |
51 | 4:04 | Dominion Trooper | |
49 | 4:42 | Supply Bunker, Dominion Trooper x6 | |
49 | 4:55 | Amplified Airwaves | |
49 | 4:58 | Imperial Witness | |
50 | 5:06 | Ghost Academy | |
50 | 5:28 | Medivac | |
46 | 5:49 | Medivac | |
47 | 5:53 | Dominion Trooper | |
47 | 6:01 | Dominion Trooper | |
47 | 6:06 | Supply Bunker, Dominion Trooper x6 | |
47 | 6:09 | Dominion Trooper | |
55 | 6:17 | Dominion Trooper | |
56 | 6:25 | Dominion Trooper | |
57 | 6:33 | Dominion Trooper | |
58 | 6:41 | Dominion Trooper | |
58 | 6:48 | Dominion Trooper, Imperial Witness | |
62 | 6:56 | Dominion Trooper | |
62 | 7:01 | Imperial Witness | |
61 | 7:18 | Medivac | |
69 | 7:40 | Supply Bunker, Dominion Trooper x6 | |
47 | 7:57 | Marauder | |
43 | 8:13 | Dominion Trooper | |
40 | 8:20 | Dominion Trooper | |
40 | 8:25 | Supply Bunker, Dominion Trooper x6 | |
40 | 8:27 | Marauder | |
40 | 8:28 | Dominion Trooper | |
52 | 8:36 | Dominion Trooper | |
51 | 8:44 | Dominion Trooper | |
52 | 8:52 | Dominion Trooper | |
53 | 9:00 | Dominion Trooper | |
53 | 9:08 | Dominion Trooper | |
55 | 9:15 | Command Center | |
55 | 9:16 | Dominion Trooper | |
56 | 9:24 | Dominion Trooper | |
57 | 9:32 | SCV, Dominion Trooper | |
57 | 9:36 | Supply Bunker, Dominion Trooper x6 | |
64 | 9:40 | SCV | |
64 | 9:43 | Imperial Witness | |
64 | 9:48 | SCV | |
68 | 9:56 | SCV | |
69 | 10:01 | SCV | |
69 | 10:04 | SCV | |
69 | 10:09 | SCV, Refinery | |
72 | 10:11 | SCV x6 | |
72 | 10:12 | SCV | |
72 | 10:13 | Imperial Witness | |
72 | 10:15 | Supply Bunker, Dominion Trooper x6 | |
72 | 10:17 | SCV | |
72 | 10:19 | SCV | |
82 | 10:25 | SCV | |
82 | 10:26 | Refinery | |
84 | 10:31 | SCV | |
85 | 10:41 | SCV | |
85 | 10:42 | SCV | |
85 | 10:49 | SCV x2 | |
88 | 10:53 | Supply Bunker, Dominion Trooper x6 | |
95 | 11:13 | Engineering Bay | |
95 | 11:14 | Engineering Bay | |
95 | 11:24 | Medivac | |
99 | 11:34 | Dominion Trooper x2 | |
100 | 11:42 | Dominion Trooper | |
100 | 11:43 | Engineering Bay | |
100 | 11:45 | Medivac, Supply Bunker, Dominion Trooper x6 | |
107 | 12:02 | Scatter Veil | |
107 | 12:05 | Medivac | |
109 | 12:26 | Medivac | |
111 | 12:38 | Supply Bunker, Dominion Trooper x6 | |
117 | 12:47 | Medivac | |
117 | 12:49 | Terran Infantry Weapons Level 1, Terran Infantry Armor Level 1 | |
119 | 12:50 | Orbital Trooper Pods | |
119 | 13:02 | Dual Resuscitators | |
119 | 13:08 | Medivac | |
121 | 13:19 | Marauder | |
125 | 13:31 | Imperial Witness | |
119 | 13:50 | Neosteel Armor | |
119 | 14:11 | Imperial Witness | |
121 | 14:31 | Dominion Trooper | |
121 | 14:32 | Dominion Trooper | |
121 | 14:38 | Imperial Witness | |
121 | 14:39 | Dominion Trooper x2 | |
125 | 14:47 | Dominion Trooper x2 | |
126 | 14:50 | Battlecruiser | |
126 | 14:55 | Dominion Trooper x2 | |
105 | 15:17 | Imperial Witness | |
103 | 15:20 | Aim-assist Embrasures | |
103 | 15:29 | Dominion Trooper x2 | |
107 | 15:37 | Dominion Trooper x2 | |
107 | 15:38 | Terran Infantry Weapons Level 2, Terran Infantry Armor Level 2 | |
109 | 15:45 | Dominion Trooper x2 | |
111 | 15:53 | Dominion Trooper x2 | |
111 | 15:55 | Supply Bunker, Dominion Trooper x6 | |
119 | 16:01 | Dominion Trooper x2 | |
119 | 16:06 | Incapacitator Shells | |
99 | 16:13 | Supply Bunker, Dominion Trooper x6 | |
100 | 16:35 | Dominion Trooper | |
100 | 16:36 | Dominion Trooper | |
102 | 16:40 | Command Center | |
102 | 16:41 | Command Center | |
102 | 16:42 | Command Center | |
102 | 16:43 | Dominion Trooper | |
102 | 16:44 | Dominion Trooper | |
104 | 16:50 | Field-Assist Targeting System, Imperial Witness | |
104 | 16:51 | Dominion Trooper | |
104 | 16:52 | Dominion Trooper | |
104 | 16:54 | Battlecruiser | |
104 | 16:59 | Dominion Trooper | |
117 | 17:00 | Dominion Trooper | |
117 | 17:07 | SCV, Dominion Trooper x2 | |
126 | 17:11 | Supply Bunker, Dominion Trooper x6 | |
126 | 17:13 | Supply Bunker, Dominion Trooper x6 | |
126 | 17:15 | SCV x2, Dominion Trooper | |
134 | 17:23 | SCV x2 | |
136 | 17:39 | Dominion Trooper x2 | |
140 | 17:47 | Dominion Trooper x2 | |
142 | 17:55 | Dominion Trooper x2 | |
143 | 18:03 | Dominion Trooper | |
143 | 18:24 | Medivac | |
145 | 18:35 | Unknown x5 | |
145 | 18:36 | Unknown x5 | |
125 | 18:45 | Medivac | |
132 | 18:55 | Dominion Trooper x4 | |
132 | 18:56 | Dominion Trooper | |
132 | 18:59 | Imperial Witness | |
133 | 19:00 | Marauder | |
133 | 19:03 | Dominion Trooper x4 | |
133 | 19:04 | Dominion Trooper | |
133 | 19:06 | Imperial Witness | |
142 | 19:11 | Dominion Trooper x5 | |
142 | 19:19 | Dominion Trooper x5 | |
146 | 19:25 | Supply Bunker, Dominion Trooper x6 | |
146 | 19:27 | Dominion Trooper | |
137 | 19:39 | Supply Bunker, Dominion Trooper x6 | |
148 | 19:40 | Dominion Trooper x5 | |
148 | 19:41 | Supply Bunker, Dominion Trooper x6 | |
148 | 19:48 | Dominion Trooper x5 | |
158 | 19:55 | Dominion Trooper | |
158 | 19:56 | Dominion Trooper x4 | |
158 | 20:09 | Dominion Trooper | |
170 | 20:10 | Dominion Trooper x4 | |
170 | 20:12 | Supply Bunker, Dominion Trooper x6 | |
170 | 20:17 | Dominion Trooper x2 | |
170 | 20:18 | Dominion Trooper x3 | |
179 | 20:25 | Dominion Trooper x2 | |
179 | 20:26 | Dominion Trooper x3 | |
179 | 20:42 | Marauder | |
179 | 20:48 | Terran Infantry Weapons Level 3 | |
180 | 21:06 | Terran Infantry Armor Level 3 | |
180 | 21:16 | Marauder | |
180 | 21:19 | Dominion Trooper | |
190 | 21:20 | Dominion Trooper x4 | |
190 | 21:22 | Dominion Trooper x2 | |
190 | 21:27 | Dominion Trooper | |
190 | 21:31 | Dominion Trooper x4 | |
190 | 21:32 | Dominion Trooper x3 | |
190 | 21:42 | Command Center | |
190 | 21:47 | Unknown x3 | |
190 | 21:48 | Unknown x7 | |
126 | 22:00 | Marauder, Dominion Trooper x3 | |
126 | 22:01 | Dominion Trooper x2 | |
126 | 22:08 | Dominion Trooper x4 | |
126 | 22:09 | Dominion Trooper | |
140 | 22:16 | Dominion Trooper x4 | |
140 | 22:17 | Dominion Trooper | |
140 | 22:19 | Supply Bunker x2, Dominion Trooper x12 | |
157 | 22:24 | Dominion Trooper x4 | |
157 | 22:25 | Dominion Trooper | |
157 | 22:29 | Battlecruiser | |
171 | 22:32 | Dominion Trooper x4 | |
171 | 22:41 | SCV x2 | |
177 | 23:37 | Dominion Trooper x4 | |
177 | 23:38 | Dominion Trooper | |
158 | 24:14 | Imperial Witness | |